 Dungeon Crawl Stone Soup version 0.23.2 (webtiles) character file.

Game seed: 7921912876952400925

143 Revguard the Chopper (level 5, 0/39 HPs)
             Began as a Demonspawn Gladiator on Apr 1, 2019.
             Was a Plaything of Xom.
             Succumbed to an adder's poison
             ... on level 3 of the Dungeon.
             The game lasted 00:05:44 (1684 turns).

Revguard the Chopper (Demonspawn Gladiator)         Turns: 1684, Time: 00:05:45

Health: 0/39       AC: 11    Str: 15    XL:     5   Next: 4%
Magic:  0/5        EV:  7    Int: 10    God:    Xom [..*...]
Gold:   141        SH:  0    Dex: 14    Spells: 4/4 levels left

rFire    . . .     SeeInvis +   a - +0 war axe
rCold    . . .     Gourm    .   (no shield)
rNeg     + . .     Faith    .   m - +0 chain mail
rPois    .         Spirit   +   (helmet unavailable)
rElec    .         Reflect  .   (no cloak)
rCorr    .         Harm     .   g - +0 pair of gloves
MR       +....                  n - +0 pair of boots
Stlth    ..........             (no amulet)
HPRegen  0.13/turn              i - ring of protection from magic
MPRegen  0.09/turn              k - ring of positive energy

@: lethally poisoned (0 -> -6)
A: antennae 3, magic shield
a: Renounce Religion


You were on level 3 of the Dungeon.
You worshipped Xom.
You were a toy of Xom.
You were not hungry.

You visited 1 branch of the dungeon, and saw 3 of its levels.

You collected 141 gold pieces.

Inventory:

Hand Weapons
 a - a +0 war axe (weapon)
Missiles
 d - 4 throwing nets (quivered)
Armour
 c - a +0 helmet
 g - a +0 pair of gloves (worn)
 m - a +0 chain mail (worn)
 n - a +0 pair of boots (worn)
Jewellery
 i - a ring of protection from magic (left hand)
 j - a +6 ring of intelligence
 k - a ring of positive energy (right hand)
Scrolls
 e - 4 scrolls of identify {unknown}
 h - 2 scrolls of amnesia {unknown}
 l - a scroll of magic mapping {unknown}
 o - a scroll of remove curse {unknown}
Comestibles
 f - 4 rations
 p - 3 chunks of flesh


   Skills:
 + Level 2.3 Fighting
 + Level 3.9 Axes
 - Level 1.7 Throwing
 * Level 2.5 Armour
 + Level 3.1 Dodging


You had 4 spell levels left.
You didn't know any spells.
Your spell library was empty.

Dungeon Overview and Level Annotations

Branches:
Dungeon (3/15)

Altars:
Ashenzari
Xom


Innate Abilities, Weirdness & Mutations

You have a pair of large antennae on your head. (SInv)
When hurt, damage is shared between your health and your magic reserves.


Message History

You hit the adder but do no damage.
You feel sick. The adder bites you but does no damage.
You hit the adder but do no damage.
You feel sick. The adder bites you but does no damage.
The adder closely misses you.
You hit the adder.
The adder is moderately wounded.
The adder barely misses you. The adder bites you.
* * * LOW HITPOINT WARNING * * *
You are more poisoned.
The adder poisons you!
You closely miss the adder.
The adder is moderately wounded.
* * * LOW HITPOINT WARNING * * *
You emit a cloud of colourful smoke!
You feel sick. The adder bites you but does no damage. The adder bites you.
* * * LOW HITPOINT WARNING * * *
You closely miss the adder.
The adder is moderately wounded.
You die...
Xom howls with laughter!

........)........).)>.....
#........).......).......#
....................######
#............######.#
...........#.# #.#
############.######.##
#.#.......#
##########.#<###.#.#
.....§§@SS.#.# #.#.#
#########§...###.#.#
...............#.#
#######.#####..#.#
............#..#.#
..........(....#
...............#
.......#.......#
...............#


You could see 2 adders.

Vanquished Creatures
  An orc priest (D:2)
  An orc wizard (D:2)
  4 adders
  A worm (D:2)
  3 orcs (D:2)
  2 ball pythons
  5 giant cockroaches
  12 goblins
  2 hobgoblins
  6 bats
  A frilled lizard (D:1)
  3 kobolds
  5 rats
46 creatures vanquished.

Notes
Turn   | Place    | Note
-------+----------+-------------------------------------------
     0 | D:1      | Revguard the Demonspawn Gladiator began the quest for the
                  | Orb.
     0 | D:1      | Reached XP level 1. HP: 16/16 MP: 1/1
   283 | D:1      | Found a shimmering altar of Xom.
   302 | D:1      | Became a worshipper of Xom of Chaos
   350 | D:1      | Gained mutation: When hurt, damage is shared between your
                  | health and your magic reserves. [demonic ancestry]
   350 | D:1      | Reached XP level 2. HP: 19/22 MP: 2/2
   548 | D:1      | XOM: silly message
   934 | D:2      | Reached skill level 1 in Armour
   934 | D:2      | Gained mutation: You have a pair of small antennae on your
                  | head. [demonic ancestry]
   934 | D:2      | Reached XP level 3. HP: 22/27 MP: 3/3
  1213 | D:2      | Found a shattered altar of Ashenzari.
  1462 | D:2      | Gained mutation: You have a pair of antennae on your head.
                  | [demonic ancestry]
  1462 | D:2      | Reached XP level 4. HP: 25/33 MP: 4/4
  1548 | D:2      | XOM: noise
  1646 | D:3      | Gained mutation: You have a pair of large antennae on your
                  | head. (SInv) [demonic ancestry]
  1646 | D:3      | Reached XP level 5. HP: 32/39 MP: 5/5
  1683 | D:3      | XOM: smoke on damage
  1683 | D:3      | HP: 1/39 [adder (1)]
  1684 | D:3      | Succumbed to an adder's poison

Skill      XL: |  1  2  3 |
---------------+----------+-----
Axes           | 3 |  3.9
Dodging        | 3 |  3.1
Armour         | 1 2 |  2.5
Fighting       | |  2.3
Throwing       | |  1.7

Action                   |  1- 3 |  4- 6 || total
-------------------------+-------+-------++-------
Melee: War axe           |    77 |    66 ||   143
  Use: Potion            |     2 |     1 ||     3
 Stab: Invisible         |     1 |       ||     1
  Eat: Chunk             |     1 |     2 ||     3
Armor: Leather armour    |    14 |       ||    14
       Chain mail        |    32 |    71 ||   103
Dodge: Dodged            |    67 |    39 ||   106
